 Dungeon Crawl Stone Soup version 0.23-a0-394-g6ce9549 (webtiles) character file.

49 CanOfBees the Caller (level 3, -2/20 HPs)
             Began as a Tengu Summoner on Nov 1, 2018.
             Killed by divine providence
             ... invoked by an orc priest
              (9 damage)
             ... on level 2 of the Dungeon.
             The game lasted 00:05:06 (4055 turns).

CanOfBees the Caller (Tengu Summoner)               Turns: 4055, Time: 00:05:06

Health: -2/20      AC:  2    Str:  8    XL:     3   Next: 75%
Magic:  2/8        EV: 12    Int: 16    God:
Gold:   63         SH:  0    Dex: 14    Spells: 2/8 levels left

rFire    . . .     SeeInvis .   t - +0 dagger
rCold    . . .     Gourm    .   (no shield)
rNeg     . . .     Faith    .   a - +0 robe
rPois    .         Spirit   .   (helmet restricted)
rElec    .         Reflect  .   (no cloak)
rCorr    .         Harm     .   (no gloves)
MR       .....                  (boots unavailable)
Stlth    ++........             (no amulet)
HPRegen  0.06/turn              (no ring)
MPRegen  0.11/turn              (no ring)

@: no status effects
A: beak, talons 3
a: no special abilities


You were on level 2 of the Dungeon.
You were not hungry.

You visited 1 branch of the dungeon, and saw 3 of its levels.

You collected 63 gold pieces.

Inventory:

Hand Weapons
 t - a +0 dagger (weapon)
Missiles
 h - 77 stones (quivered)
 i - 11 poisoned needles
 m - 34 arrows
 q - a throwing net
 u - 13 sling bullets
Armour
 a - a +0 robe (worn)
Scrolls
 b - a scroll of teleportation
 g - 2 scrolls of identify
 l - a scroll of immolation {unknown}
 s - a scroll of remove curse {unknown}
 v - a scroll of random uselessness {unknown}
Potions
 d - a potion of flight {unknown}
 e - a potion of mutation {unknown}
 f - a potion of cancellation
 j - a potion of lignification {unknown}
 k - a potion of agility {unknown}
 n - a potion of curing {unknown}
 o - a potion of invisibility {unknown}
 p - a potion of degeneration
 r - a potion of brilliance
Comestibles
 c - a ration
 w - a chunk of flesh


   Skills:
 + Level 1.3 Fighting
 - Level 2.1 Dodging
 - Level 2.0 Stealth
 * Level 3.0 Spellcasting
 + Level 5.2 Summonings


You had 2 spell levels left.
You knew the following spells:

 Your Spells              Type           Power        Failure   Level  Hunger
a - Summon Small Mammal   Summ           ###.         2%          1    #......
b - Call Imp              Summ           ###.....     3%          2    ##.....
c - Call Canine Familiar  Summ           ###.....     7%          3    ###....

Your spell library contained the following spells:

 Spells                   Type           Power        Failure   Level  Hunger
 Summon Guardian Golem    Hex/Summ       ##......     19%         3    ###....
 Summon Ice Beast         Ice/Summ       ##......     54%         4    #####..
 Summon Lightning Spire   Summ/Air       ##......     54%         4    #####..


Dungeon Overview and Level Annotations

Branches:
Dungeon (3/15)

Altars:


Innate Abilities, Weirdness & Mutations

You have a beak for a mouth.
You have claws for feet.


Message History

There's nothing there!
Unknown command.
Your crimson imp hits the orc priest.
Your hound bites something. x2; Your crimson imp hits the orc priest.
A puff of flame appears from out of thin air!
The puff of flame misses your hound. The puff of flame misses you.
Your crimson imp disappears in a puff of smoke! x2
Your hound closely misses something.
Something closely misses your hound.
Your hound bites something.
Your hound closely misses something.
Something hits your hound.
Your hound bites something.
Your hound resists with significant effort.
Your hound barely misses something.
Your hound bites something.
Reactivating autopickup.
Your Spellcasting skill increases to level 3!
You feel a bit more experienced.
Your hound barely misses the orc priest.
The orc priest invokes the aid of Beogh against you.
Beogh smites you!
You die...

### ##.## ##.#.## ##.###.##
#####.## ##.######
##########....## ##.....#####
#..........##.@## ##...........
#.#####.h.....#.###.#####.#####
#.# ##o########>#.## #.# #.#
##...## #.#.#.# #.#
###.###....<######...##
##.##### ................###.##
#.<..... ###..##..o..###.# #.#
#...#### #..###...####.###.#
#.#.# #..# ##.h.........# #...#


You could see an orc priest and a friendly hound.

Vanquished Creatures
  An adder skeleton (D:3)
  3 bats
  2 giant cockroaches
  A goblin (D:2)
  A hobgoblin (D:2)
  2 kobolds
  A quokka (D:2)
  2 frilled lizards
  2 rats
15 creatures vanquished.

Vanquished Creatures (collateral kills)
  An orc wizard (D:2)
  2 worms (D:2)
  A dart slug (D:2)
  2 leopard geckos (D:2)
  2 orcs (D:2)
  2 giant cockroaches (D:1)
  A hobgoblin (D:1)
  A bat (D:2)
  A frilled lizard (D:2)
  5 goblins
  A kobold (D:2)
  2 rats
21 creatures vanquished.

Grand Total: 36 creatures vanquished

Notes
Turn   | Place    | Note
-------+----------+-------------------------------------------
     0 | D:1      | CanOfBees the Tengu Summoner began the quest for the Orb.
     0 | D:1      | Reached XP level 1. HP: 10/10 MP: 4/4
   807 | D:1      | Reached XP level 2. HP: 16/16 MP: 3/6
   825 | D:1      | Learned a level 2 spell: Call Imp
  1226 | D:2      | Reached skill level 5 in Summonings
  2693 | D:2      | Reached skill level 1 in Fighting
  2703 | D:2      | Reached XP level 3. HP: 20/20 MP: 8/8
  3150 | D:2      | Learned a level 3 spell: Call Canine Familiar
  3564 | D:2      | HP: 1/20 [orc wizard/+0 dagger (4)]
  4055 | D:2      | Killed from afar by an orc priest

Vault maps used:
D:1:      nzn_arrival_settlement

Skill      XL: |  1  2  3 |
---------------+----------+-----
Summonings     | 5 |  5.2
Fighting       | 1 |  1.3
Spellcasting   | 3 |  3.0
Dodging        | |  2.1
Stealth        | |  2.0

Action                   || total
-------------------------++-------
Melee: Unarmed           ||    37
       Peck              ||    15
       Kick              ||    13
       Dagger            ||    23
Throw: Stone             ||     1
 Cast: Summon Small Mamm ||    32
       Call Imp          ||    10
       Call Canine Famil ||     3
  Use: Scroll            ||     5
 Stab: Sleeping          ||     1
       Distracted        ||     1
  Eat: Chunk             ||     8
       Ration            ||     1
Armor: Robe              ||    21
Dodge: Dodged            ||    65

Table legend:
 A = Non-vault XP
 B = Vault XP
 C = Vault XP percentage of total XP
 D = Non-vault monster count
 E = Vault monster count
 F = Vault count percentage of total count
                 A         B        C        D         E       F
            +---------+---------+-------+---------+---------+-------
      Total |      70 |       0 |   0.0 |      36 |       0 |   0.0
            +---------+---------+-------+---------+---------+-------
        D:1 |      11 |       0 |   0.0 |       9 |       0 |   0.0
        D:2 |      52 |       0 |   0.0 |      23 |       0 |   0.0
        D:3 |       7 |       0 |   0.0 |       4 |       0 |   0.0
            +---------+---------+-------+---------+---------+-------
